Workbook
Name Action: #REF!
Name Action: #REF!
Name BenefitCategory: #REF!
Name BenefitCategory: #REF!
Name BenMeasType: #REF!
Name BenMeasType: #REF!
Name BusinessOutcomes: #REF!
Name BusinessOutcomes: #REF!
Name BusOut: #REF!
Name BusOut: #REF!
Name Category: #REF!
Name Category: #REF!
Name Lessons: #REF!
Name Lessons: #REF!
Name Measures: 'Benefit Log & Realisation Plan'!$B$15:$E$29
Name Project_Phase: '[1]Benefits Realisation Plan'!#REF!
Name Project_Phase: '[1]Benefits Realisation Plan'!#REF!
Name ProjectPhase: #REF!
Name ProjectPhase: #REF!
Name ProjectPhase1: #REF!
Name ProjectPhase1: #REF!
Name StratOut: #REF!
Name StratOut: #REF!
Name What: #REF!

Sheet Guidance
A3: Benefit Toolkit
A5: Initiative ID | B5: << Insert Initiative ID here >>
A6: Initiative Executive Sponsor | B6: <<Insert Initiative Sponsor name here>>
A7: Initiative Manager | B7: <<Insert Initiative Manager name here>>
A9: Version No. | B9: Date | C9: Description of change
A10: v1.0 | B10: 44705 | C10: Baseline date of document
A14: Guidance
A16: Benefit Guidance
A17: The guidance in this template is to be used in conjunction with the UoM Benefit Management Framework which provides additional information around what is required and how to identify, validate, track and monitor benefits.
A19: Benefit Maps
A20: These show the relationship between the project objectives, business changes, benefits and strategic goals of the University. The activity should start in the scoping stage so that the high level benefits and changes required in order to realise them are understood and can be built into the scope and objectives of the project.
A21: The best way to develop a benefits map is to 'start with the end in mind' and run a benefits mapping session with key stakeholders in order to identify the business improvements and benefits that sponsors want to see then use this information to determine the scope and objectives of the project. If done this way it's possible to build up the benefit information and refine it in the various business cases that are required during the liefcycle of the project.
A22: Benefits maps are useful tools as they show how changes in scope and what the project will deliver will impact on the benefits to be realised. For this reason they should be updated throughout the life of the project so that the benefits can be validated against the confirmed scope of the project.
A23: Strategic Business Case
A24: The Strategic Business should contain information on whether the project is meeting a regulatory or legal requirement, the high level benefits of the project, how these map to the strategic objectives in the 5 year plan and the expected costs.
A25: Outline Business Case
A26: Use a benefit mapping session to validate the high level benefits of the project, the deliverables and business changes needed to realise them, overall objectives of the project and links to the strategic objectives of the university. Identify ownership of the benefits and track and monitor success post project closure.
A27: Final Business Case
... A40: Benefits Profiles are optional, an additional tab has been included that can be used to record more detail on the specific benefits. The tab can be copied for each benefit that has been identified.

Sheet Coversheet
A7: Benefits Logs
A9: Project Name | B9: <<Insert Project Name>>
A10: Programme Name (if applicable) | B10: <<Insert Programme Name>>
A12: Initiative ID | B12: =Guidance!B5 -> << Insert Initiative ID here >>
A13: Initiative Executive Sponsor | B13: =Guidance!B6 -> <<Insert Initiative Sponsor name here>>
A14: Initiative Manager | B14: =Guidance!B7 -> <<Insert Initiative Manager name here>>
A15: Business Lead
A17: Benefits Map
A19: Updated By | B19: <<Enter the name of the person who updated >>
A20: Date Updated | B20: <<Enter the date the document was last updated>>
A21: Version | B21: <<Enter version number following review>>
A24: Benefits Log and Realisation Plan
A26: Updated By | B26: <<Enter the name of the person who updated >>
A27: Date Updated | B27: <<Enter the date the document was last updated>>
A28: Version | B28: <<Enter version number following review>>

Sheet Benefit Timeline
B1: Completed | K1: Dependency date
B2: On track
B3: Delayed / date not confirmed
B4: Not realised / at significant risk
B5: Strategic Goals We will support the 5 year plan in these areas
M6: By implementing these outputs
J7: Benefits | K7: Business Changes | M7: 2022 | Q7: 2023 | U7: 2024
B8: Strategic risk reduction | C8: Our people Our Values | D8: Research & Development | E8: Impact on society | F8: Global influence | G8: Carbon Reduction | H8: Teaching and Learning | I8: Financial Sustanability | J8: Which will be evidenced by these measurable improvements | K8: Which are the result of these outcomes | L8: Dependencies with… | M8: Q1 | N8: Q2 | O8: Q3 | P8: Q4 | Q8: Q1 | R8: Q2 | S8: Q3 | T8: Q4 | U8: Q1 | V8: Q2 | W8: Q3 | X8: Q4 | Y8: Q1 | Z8: Q2 | AA8: Q3 | AB8: Q4
A9: Project Name

Sheet Benefit Map
B1: This map (or a simplified version) should be included in the Outline Business Case to show that the exercise has been carried out and how the initiatives objectives link through to benefits and the strategic 5 year plan.
O3: Start Here
B10: We will supports the 5 year plan in these areas | F10: Which links to these existing programme / business goals | J10: Which will be evidenced by | N10: Through these measurable improvements | R10: Which are the result of these changes | V10: By delivering this | Z10: From this project scope

Sheet Benefit Log & Realisation Plan
A3: Benefit Toolkit
A5: Project Name | B5: =Coversheet!B9 -> <<Insert Project Name>>
A6: Programme Name (if applicable) | B6: =Coversheet!B10 -> <<Insert Programme Name>>
A7: Initiative ID (benefit numbers will autopopulate when this is filled in) | B7: =Guidance!B5 -> << Insert Initiative ID here >>
A8: Initiative Executive Sponsor | B8: =Guidance!B6 -> <<Insert Initiative Sponsor name here>>
A9: Initiative Manager | B9: =Guidance!B7 -> <<Insert Initiative Manager name here>>
A10: Document last updated by | B10: =Coversheet!B26 -> <<Enter the name of the person who updated >>
A11: Document last updated on | B11: =Coversheet!B27 -> <<Enter the date the document was last updated>>
C14: Once these columns are filled in they can be copied and pasted into your outline and full business case and gateway review 3 pack | L14: This is the benefit realisation plan information that can be used for reporting purposes
A15: ID - This should be the initiative ID and the number of the benefit e.g. 1234-01 | B15: Benefit description | C15: Benefit / Disbenefit | D15: Owner (name & role) | E15: Measure | F15: Method of data capture | G15: Expected Realisation Date | H15: Target | I15: Type | J15: Categories | K15: Baseline Date | L15: Baseline Value | M15: Reporting date | N15: Value | O15: Reporting date | P15: Value | Q15: Reporting date | R15: Value | S15: Reporting date | T15: Value | U15: Reporting date | V15: Value | W15: Reporting date | X15: Value | Y15: Status of Benefit | Z15: Have any lessons been identified in relation to this benefit / measure? | AA15: Have these been added to the project lessons learned log? | AB15: Other comments / observations
A16: =+_xlfn.CONCAT($B$7,"-01") -> << Insert Initiative ID here >>-01 | Y16: Demand
A17: =+_xlfn.CONCAT($B$7,"-02") -> << Insert Initiative ID here >>-02 | Y17: Define
A18: =+_xlfn.CONCAT($B$7,"-03") -> << Insert Initiative ID here >>-03 | Y18: Design and Plan
A19: =+_xlfn.CONCAT($B$7,"-04") -> << Insert Initiative ID here >>-04 | Y19: Readiness
A20: =+_xlfn.CONCAT($B$7,"-05") -> << Insert Initiative ID here >>-05 | Y20: In Progress
A21: =+_xlfn.CONCAT($B$7,"-06") -> << Insert Initiative ID here >>-06 | Y21: Realised
A22: =+_xlfn.CONCAT($B$7,"-07") -> << Insert Initiative ID here >>-07 | Y22: Not Realised
A23: =+_xlfn.CONCAT($B$7,"-08") -> << Insert Initiative ID here >>-08

Sheet Benefit categories
B2: Benefit Categories - the most approproate one should be used to describe the improvement | C2: Cost reduction | D2: A decrease in the University’s future spend, it involves identifying and removing previously identified budgeted expenditures.
C3: Increase in surplus generating income / revenue | D3: Increase in the amount of surplus generated by the University in terms of charitable donations, fees etc. If these need to be spent in a specific way please include this in the business cases specify if budget relieving or not.
C4: Cost avoidance | D4: The avoidance of incurring unplanned or unbudgeted future costs e.g. this could relate to avoidance of fines, increases in contract costs etc.
C5: Risk avoidance | D5: The elimination of events that can negatively affect the University.
C6: Risk reduction | D6: Reduction in the frequency or severity of events that can negatively affect the University.
C7: Increase in staff satisfaction | D7: The improvement in which a University employee feels self motivated, content and satisfied with his/her job. This is linked to job stability, career growth and a comfortable work life balance.
C8: Increase in student satisfaction | D8: The improvement in satisfaction usually resulting from a students educational experience, services and faculties.
C9: Increased efficiency | D9: The ability to accomplish the same thing with a reduction in the amount of time and effort required.
C10: Increased productivity | D10: The ability to do more with the same amount of time and effort.
C11: Positive impact on reputation and / or brand awareness | D11: An increase in how recognisable or memorable the University is to it’s target audience and how positively it is perceived.

Sheet Benefit Dashboard
A1: Benefit reporting - In development
A5: Benefit Description | C5: Baseline | D5: M1 | E5: M2 | F5: M3 | G5: M4 | H5: M5 | I5: M6 | J5: Target
A6: Reduce Y | B6: =_xlfn.XLOOKUP(A6,'Benefit Log & Realisation Plan'!B16:B35,'Benefit Log & Realisation Plan'!E16:E35) -> #N/A | C6: =_xlfn.XLOOKUP($A$6,'Benefit Log & Realisation Plan'!$B$16:$B$35,'Benefit Log & Realisation Plan'!K16:K35) -> #N/A | D6: =_xlfn.XLOOKUP($A$6,'Benefit Log & Realisation Plan'!$B$16:$B$35,'Benefit Log & Realisation Plan'!M16:M35) -> #N/A | E6: =_xlfn.XLOOKUP($A$6,'Benefit Log & Realisation Plan'!$B$16:$B$35,'Benefit Log & Realisation Plan'!O16:O35) -> #N/A | F6: =_xlfn.XLOOKUP($A$6,'Benefit Log & Realisation Plan'!$B$16:$B$35,'Benefit Log & Realisation Plan'!Q16:Q35) -> #N/A | G6: =_xlfn.XLOOKUP($A$6,'Benefit Log & Realisation Plan'!$B$16:$B$35,'Benefit Log & Realisation Plan'!S16:S35) -> #N/A | H6: =_xlfn.XLOOKUP($A$6,'Benefit Log & Realisation Plan'!$B$16:$B$35,'Benefit Log & Realisation Plan'!U16:U35) -> #N/A | I6: =_xlfn.XLOOKUP($A$6,'Benefit Log & Realisation Plan'!$B$16:$B$35,'Benefit Log & Realisation Plan'!W16:W35) -> #N/A | J6: =_xlfn.XLOOKUP($A$6,'Benefit Log & Realisation Plan'!$B$16:$B$35,'Benefit Log & Realisation Plan'!G16:G35) -> #N/A
C7: =_xlfn.XLOOKUP($A$6,'Benefit Log & Realisation Plan'!$B$16:$B$35,'Benefit Log & Realisation Plan'!L16:L35) -> #N/A | D7: =_xlfn.XLOOKUP($A$6,'Benefit Log & Realisation Plan'!$B$16:$B$35,'Benefit Log & Realisation Plan'!N16:N35) -> #N/A | E7: =_xlfn.XLOOKUP($A$6,'Benefit Log & Realisation Plan'!$B$16:$B$35,'Benefit Log & Realisation Plan'!P16:P35) -> #N/A | F7: =_xlfn.XLOOKUP($A$6,'Benefit Log & Realisation Plan'!$B$16:$B$35,'Benefit Log & Realisation Plan'!R16:R35) -> #N/A | G7: =_xlfn.XLOOKUP($A$6,'Benefit Log & Realisation Plan'!$B$16:$B$35,'Benefit Log & Realisation Plan'!T16:T35) -> #N/A | H7: =_xlfn.XLOOKUP($A$6,'Benefit Log & Realisation Plan'!$B$16:$B$35,'Benefit Log & Realisation Plan'!V16:V35) -> #N/A | I7: =_xlfn.XLOOKUP($A$6,'Benefit Log & Realisation Plan'!$B$16:$B$35,'Benefit Log & Realisation Plan'!X16:X35) -> #N/A | J7: =_xlfn.XLOOKUP($A$6,'Benefit Log & Realisation Plan'!$B$16:$B$35,'Benefit Log & Realisation Plan'!H16:H35) -> #N/A
A25: Overall performance against expected realisation
A26: Red - Benefit realisation at significant risks and not on target to realise expected benefits in target timescales
A27: Reason for variance
A29: Amber - Either expected benefits are expected but realisation date has moved out OR realisation date is the same but expected benefits are less than forecast
A30: Reason for Variance
A32: Green - all benefits are on track to be realised within expected timescales
A33: Commentary
A35: Blue - Benefits have been realised
A36: Lessons learned

Sheet Benefit Matrix
B5: Business changes that will enable the benefits
A6: Benefits | B6: Business change 1 | C6: Business change 2 | D6: Business change 3 | E6: Business change 4 | F6: Business change 5 | G6: Business change 6 | H6: Business change 7 | I6: Business change 8 | J6: Business change 9 | K6: Business change 10 | L6: Business change 11 | M6: Business change 12 | N6: Business change 13 | O6: Business change 14 | P6: Business change 15
A7: =+'Benefit Log & Realisation Plan'!B16 -> 0
A8: =+'Benefit Log & Realisation Plan'!B17 -> 0
A9: =+'Benefit Log & Realisation Plan'!B18 -> 0
A10: =+'Benefit Log & Realisation Plan'!B19 -> 0
A11: =+'Benefit Log & Realisation Plan'!B20 -> 0
A12: =+'Benefit Log & Realisation Plan'!B21 -> 0
A13: =+'Benefit Log & Realisation Plan'!B22 -> 0
A14: =+'Benefit Log & Realisation Plan'!B23 -> 0
A15: =+'Benefit Log & Realisation Plan'!B24 -> 0
A16: =+'Benefit Log & Realisation Plan'!B25 -> 0
A17: =+'Benefit Log & Realisation Plan'!B26 -> 0
A18: =+'Benefit Log & Realisation Plan'!B27 -> 0
... A20: =+'Benefit Log & Realisation Plan'!B29 -> 0

Sheet Benefit Profile 
A6: Benefit Profile 1
A8: Optional - create a copy for each benefit that a profile is necessary
A10: Benefit Header | B10: Benefit Number | D10: Benefit Title
B11: Detailed Description
B12: Type | F12: Benefit Agreement Date | H12: Next Benefit Review Date
B13: Benefit Owner Responsible | F13: Benefit Review Frequency | H13: Benefit Realisation period
B14: Other benefits supported by this benefit (dependencies) | D14: Benefit Number | F14: Benefit Title
D15: Benefit Number | F15: Benefit Title
B16: Other benefits impacted by this benefit (dependencies) | D16: Benefit Number | F16: Benefit Title
D17: Benefit Number | F17: Benefit Title
A18: Stakeholders | B18: Name | E18: Role | H18: Responsble for
A23: Risk | B23: Risk Number | C23: Description
A29: Business Impact | B29: Business Areas affected
B30: Programme Objectives
B31: Explanation of how Benefit will be achieved
B32: Resource Requirements
A33: Benefits Measurement and Verification | B33: Measurement Description/ Mechanism
B34: Baseline Date
B35: Budgetary Commitments
B36: Measure Used | D36: Baseline Value | E36: Target Value | G36: Benefit Realisation Start Date | H36: Benefits Realisation End Date | I36: Review Frequency
A38: Authorisation
A39: Name of Programme / Project Manager | F39: Date
